 Dungeon Crawl Stone Soup version 0.30-a0-719-gcc4359ea44 (webtiles) character file.

Game seed: 8131530723267156477

291557 Laraso the Spry (level 21, -20/126 HPs)
             Began as a Djinni Venom Mage on Jan 26, 2023.
             Was the Champion of Hepliaklqana.
             Killed from afar by a crystal guardian (79 damage)
             ... with a crystal bolt
             ... led by a peacekeeper
             ... on level 4 of the Vaults.
             The game lasted 01:26:28 (33410 turns).

Laraso the Spry (Djinni Venom Mage)                Turns: 33410, Time: 01:26:29

Health: -20/126    AC: 16    Str:  4    XL:     21   Next: 66%
Gold:   4501       EV: 21    Int: 33    God:    Hepliaklqana [******] SH: 19 Dex: 21

rFire   + + .      SeeInvis .    a - +0 staff of Battle
rCold   x . .      Faith    .    J - +4 kite shield {reflect}
rNeg    . . .      Spirit   .    Q - +4 troll leather armour
rPois   ∞          Reflect  +    N - +1 hat "Ifacitho" {Fly rElec rPois Str-3 Int+4}
rElec   +          Harm     .    R - scarf {repulsion}
rCorr   .          Rampage  .    e - +1 pair of gloves
Will    ++...                    (boots unavailable)
Stlth   ++++++                   O - amulet of regeneration
HPRegen 2.01/turn                S - +6 ring of intelligence
MPRegen 0.00/turn                l - +4 ring of protection

@: flying, studying Dodging, repel missiles
A: reduced essence, sickness immunity, fire resistance 2, cold vulnerability 1,
float, innate caster, HP casting, extra vitality 1, thin skeletal structure 1
}: 2/15 runes: decaying, serpentine
a: Renounce Religion, Recall Ancestor, Ancestor Identity, Transference, Idealise


You were on level 4 of the Vaults.
You worshipped Hepliaklqana.
Hepliaklqana was exalted by your worship.
You visited 6 branches of the dungeon, and saw 34 of its levels.
You also visited: Ossuary and Ice Cave.

You collected 4939 gold pieces.
You spent 438 gold pieces at shops.

Inventory:

Hand Weapons
 a - the +0 staff of Battle (weapon)
   (You found it on level 4 of the Lair of Beasts)

   It enhances your conjuration magic.
   It summons a battlesphere in combat, with strength depending on Conjurations
   skill.
   Its strikes trigger the battlesphere's blasts.
 b - a +4 demon trident of electrocution
 c - a +9 lajatang of protection
 d - a +7 lajatang of speed
Armour
 e - a +1 pair of gloves (worn)
 s - a +2 cloak
 J - a +4 kite shield of reflection (worn)
 N - the +1 hat "Ifacitho" (worn) {Fly rElec rPois Str-3 Int+4}
   (You found it in an ice cave)

   Str:       It affects your strength (-3).
   Int:       It affects your intelligence (+4).
   rElec:     It insulates you from electricity.
   rPois:     It protects you from poison.
   Fly:       It grants you flight.
 Q - a +4 troll leather armour (worn)
 R - a scarf of repulsion (worn)
Magical Staves
 v - a staff of air
Jewellery
 i - a ring of resist corrosion
 k - a +6 ring of dexterity
 l - a +4 ring of protection (right hand)
 w - the ring "Vuveqa" {EV+5 Str-4 Dex+3}
   (You found it in an ossuary)

   [ring of evasion]

   EV:        It affects your evasion (+5).
   Str:       It affects your strength (-4).
   Dex:       It affects your dexterity (+3).
 O - an amulet of regeneration (around neck)
 S - a +6 ring of intelligence (left hand)
 U - a ring of protection from cold
Wands
 A - a wand of paralysis (43)
 B - a wand of roots (13)
 E - a wand of flame (54)
 F - a wand of polymorph (5)
 K - a wand of light (10)
 L - a wand of digging (6)
 M - a wand of mindburst (23)
Scrolls
 o - 9 scrolls of identify
 q - 18 scrolls of teleportation
 r - 2 scrolls of poison
 t - a scroll of summoning
 x - 5 scrolls of fog
 y - 4 scrolls of fear
 G - 7 scrolls of magic mapping
 H - a scroll of silence
 Y - 4 scrolls of blinking
 Z - a scroll of enchant armour
Potions
 f - a potion of ambrosia
 g - 17 potions of curing
 h - 3 potions of mutation
 j - 5 potions of heal wounds
 m - 9 potions of attraction
 n - 2 potions of berserk rage
 p - 3 potions of resistance
 u - 9 potions of might
 z - 5 potions of invisibility
 C - 9 potions of lignification
 I - 5 potions of haste
 T - 2 potions of cancellation
 X - 4 potions of brilliance
Miscellaneous
 V - a box of beasts
 W - a lightning rod (4/4)


   Skills:
 - Level 10.0 Fighting
 - Level 2.0 Short Blades
 - Level 14.0 Staves
 - Level 6.0 Armour
 * Level 16.3 Dodging
 - Level 10.0 Stealth
 - Level 15.0 Shields
 * Level 14.8 Spellcasting
 - Level 13.0 Invocations
 - Level 7.0 Evocations


You couldn't memorise any spells.
You knew the following spells:

 Your Spells              Type           Power      Damage    Failure   Level
a - Sting                 Tmut/Pois      100%       1d8       0%          1
b - Poisonous Vapours     Pois/Air       100%       N/A       0%          2
c - Mephitic Cloud        Conj/Pois/Air  100%       N/A       1%          3
d - Olgreb's Toxic Radia  Pois           89%        N/A       1%          4
e - Wereblood             Tmut           89%        N/A       0%          2
f - Searing Ray           Conj           100%       2d8       0%          2
g - Fulminant Prism       Conj/Hex       55%        3d25      1%          4
h - Dispersal             Tloc           44%        N/A       1%          6
i - Shock                 Conj/Air       100%       1d9       0%          1
j - Lehudib's Crystal Sp  Conj/Erth      55%        10d13     58%         8
r - Agony                 Necr           89%        N/A       1%          5
t - Airstrike             Air            44%        2d(7-23)  1%          4
v - Starburst             Conj/Fire      55%        6d15      1%          6
w - Spellforged Servitor  Conj/Summ      55%        N/A       10%         7
Your spell library was empty.

Dungeon Overview and Level Annotations

Branches:
Dungeon (15/15)            Temple (0/1) D:5            Lair (5/5) D:11
  Swamp (4/4) Lair:3        Snake (4/4) Lair:3        Slime (0/5) Lair:5
    Orc (2/2) D:12            Elf (0/3) Orc:2        Vaults (3/5) D:14
  Crypt (0/3) Vaults:2     Depths (0/4) D:15        Ossuary (visited)
  IceCv (visited)

Altars:
Ashenzari
Dithmenos
Elyvilon
Fedhas
Hepliaklqana
Qazlal
Trog
Uskayaw
Yredelemnul
Zin
The Shining One
Jiyva

Shops:
D:4 :   D:5 **   Orc:2 *=*[((?!


Innate Abilities, Weirdness & Mutations

Your life essence is reduced to manifest your ancestor. (-10% HP)
You are immune to sickness and miasma.
You are immune to poison.
Your flesh is very heat resistant. (rF++)
You are vulnerable to cold. (rC-)
You float through the air rather than walking.
You learn spells naturally, not from books.
Your magical power is your life essence.
You have superior vitality. (+4 MHP)
You have a somewhat thin skeletal structure. (Dex +2, Stealth+)


Message History

Found a pair of boots and 4 stones.
There is an open door here.
A crystal guardian comes into view.
You conjure a globe of magical energy.
You see here a scroll of enchant weapon.
D - a scroll of enchant weapon
As you read the scroll of enchant weapon, it crumbles to dust.
Your +6 lajatang of speed glows red for a moment.
Casting: Starburst (dangerous; 1% risk of failure)
Confirm with . or Enter, or press ? or * to list all spells.
You can't see any susceptible monsters within range! (Use Z to cast anyway.) Unknown command.
Unknown command.
Unknown command.
Casting: Starburst (dangerous; 1% risk of failure)
Confirm with . or Enter, or press ? or * to list all spells.
You feel a surge of power!
You summon a servant imbued with your destructive magic!
Jane casts a spell.
Jane seems to speed up.
The crystal guardian fires a crystalline bolt at you.
The crystal bolt freezes your spellforged servitor!
Your spellforged servitor resists.
The crystal bolt freezes Jane!
Jane resists.
The crystal bolt freezes you!!!
You feel a terrible chill!
Ouch! That really hurt!
Casting: Spellforged Servitor (dangerous; 10% risk of failure)
Confirm with . or Enter, or press ? or * to list all spells.
Okay, then.
The crystal guardian fires a crystalline bolt at you.
The crystal bolt freezes Jane!!
Jane resists.
The crystal bolt freezes your spellforged servitor!
Your spellforged servitor resists.
The crystal bolt freezes your battlesphere.
Your battlesphere resists.
The crystal bolt freezes you!!!!
You feel a terrible chill!
Ouch! That really hurt!
You die...

#####################
.......(.............
...............^.....
....................[
...9R9.*@............
#############'######
#......# #......#
#......# #......#
#......# #......#
#+#+#+##


You could see the friendly Jane the knight (fast, reflecting), a crystal
guardian (ally target), a friendly spellforged servitor (summoned) and a
friendly battlesphere.

Vanquished Creatures
  the Lernaean hydra (Swamp:4)
  Nikola (Vaults:3)
  Rupert (D:14)
  A tentacled monstrosity (Swamp:3)
  An Ice Fiend (IceCv)
  2 sphinxes
  Agnes (Snake:1)
  A shadow dragon (Vaults:2)
  A tengu reaver (Vaults:2)
  5 nagarajas
  Donald (Snake:4)
  A frost giant (Vaults:2)
  Aizul (Snake:1)
  2 war gargoyles (Vaults:3)
  An orc warlord (Vaults:2)
  6 ironbound preservers
  7 ironbound thunderhulks
  An eleionoma (Swamp:2)
  Nessos (D:12)
  9 dire elephants
  A bunyip (Swamp:1)
  A shambling mangrove (Swamp:4)
  An ettin (Orc:2)
  The ghost of Cezoat the Thaumaturge, a journeyman OpVM of Hepliaklqana (Orc:1)
  A fire dragon (D:14)
  A great orb of eyes (Vaults:2)
  A rakshasa (D:15)
  2 peacekeepers
  16 hydras
  2 ice dragons
  A catoblepas (Lair:1)
  A ghost crab (Swamp:4)
  11 anacondas
  9 alligators
  An ironbound frostheart (Vaults:2)
  2 centaur warriors (D:13)
  4 boulder beetles
  A death knight (Vaults:2)
  A satyr (shapeshifter) (D:13)
  10 two-headed ogres
  13 naga warriors
  2 death yaks (Lair:5)
  13 naga sharpshooters
  4 tengu warriors
  2 deep troll earth magi (Vaults:2)
  A shock serpent (shapeshifter) (D:14)
  3 shock serpents
  Sonja (D:13)
  A spriggan berserker (Swamp:2)
  2 skeletal warriors (D:15)
  2 goliath frogs (Swamp:3)
  4 salamander mystics (Snake:3)
  An obsidian statue (IceCv)
  An orange crystal statue (IceCv)
  10 swamp dragons
  7 bog bodies
  2 glowing orange brains
  23 deep trolls
  A death drake (Swamp:4)
  4 wizards
  8 naga ritualists
  8 ironbound convokers
  2 orc knights (Vaults:2)
  6 lindwurms
  4 spriggan simulacra (IceCv)
  A necromancer (Vaults:2)
  A phantasmal warrior (Vaults:1)
  3 deep elf pyromancers
  12 mana vipers
  5 salamanders
  A mana viper (shapeshifter) (D:15)
  An orc sorcerer (Orc:2)
  20 ugly things
  3 cyclopes
  2 manticores
  An ice statue (Lair:4)
  44 black mambas
  4 vault sentinels
  16 elephants
  3 torpor snails (Lair:5)
  3 guardian serpents
  15 naga magi
  2 gargoyles (D:12)
  8 cane toads
  3 rime drakes
  A kobold demonologist (D:11)
  2 tengu conjurers (D:15)
  6 komodo dragons
  11 freezing wraiths
  2 golden dragon simulacra (IceCv)
  2 yaktaurs
  17 hornets
  5 ice devils (IceCv)
  2 polar bears (Lair:4)
  A bloated husk (Swamp:1)
  7 trolls
  12 tyrant leeches
  13 blink frogs
  A tarantella (Vaults:1)
  2 dream sheep (Lair:4)
  17 slime creatures
  2 shadows (D:12)
  5 spriggans
  4 hogs (Lair:4)
  24 yaks
  3 wyverns
  A yak (shapeshifter) (D:7)
  A vampire (D:11)
  A human (shapeshifter) (D:14)
  2 wraiths (D:12)
  6 basilisks
  10 humans (D:14)
  A redback (Vaults:1)
  4 vampire mosquitoes
  Menkaure (D:5)
  A steam dragon (D:8)
  12 swamp worms
  2 wargs (Orc:2)
  33 nagas
  19 water moccasins
  2 acid dragons (D:11)
  A sky beast (D:8)
  10 orc warriors
  6 swamp drakes
  A black bear (D:8)
  6 ice beasts
  3 boggarts (D:15)
  15 ogres
  6 centaurs
  20 wolves
  A phantom (D:6)
  2 kobold brigands (D:11)
  6 bullfrogs
  3 necrophages
  8 scorpions
  A hornet simulacrum (D:13)
  5 deep troll simulacra (IceCv)
  Dowan (D:6)
  A lindwurm simulacrum (IceCv)
  15 killer bees
  7 electric eels
  A howler monkey (D:7)
  5 crimson imps (D:12)
  A centaur zombie (D:8)
  4 jellies (Lair:5)
  A hound (D:5)
  Crazy Yiuf (D:3)
  13 orc priests
  A gnoll bouda (D:5)
  2 human zombies (Ossuary)
  5 iguanas
  Jessica (D:3)
  Ijyb (D:5)
  Natasha (thrice) (D:3)
  Terence (D:2)
  2 scorpion zombies (Ossuary)
  15 orc wizards
  4 hell rats (Lair:2)
  4 ogre zombies (D:12)
  2 mummies (Ossuary)
  A howler monkey zombie (D:8)
  11 adders
  9 gnolls
  A shadow imp (D:8)
  4 white imps
  2 ufetubi
  9 dart slugs
  A worm (D:2)
  41 orcs
  10 ball pythons
  5 bats
  5 endoplasms
  A giant cockroach (D:3)
  A gnoll zombie (Ossuary)
  5 goblins
  12 hobgoblins
  4 jackals
  16 kobolds
  5 quokkas
  6 frilled lizards
  2 goblin zombies (D:12)
  A hobgoblin skeleton (D:12)
  2 hobgoblin zombies (D:12)
  2 kobold zombies (Ossuary)
  2 orc skeletons (D:12)
  11 orc zombies
  5 rats
980 creatures vanquished.

Vanquished Creatures (collateral kills)
  Mara (Snake:4)
  Boris (Vaults:3)
  Vashnia (Snake:4)
  A tentacled monstrosity (Swamp:4)
  Kirke (Lair:4)
  3 nagarajas (Snake:4)
  A ghoul (Swamp:2)
  A vault warden (Vaults:1)
  An ironbound preserver (Vaults:2)
  2 ironbound thunderhulks (Vaults:1)
  An eleionoma (Swamp:4)
  A dire elephant (Vaults:1)
  4 bunyips
  A spriggan air mage (Swamp:2)
  An entropy weaver (Vaults:1)
  A salamander tyrant (Snake:2)
  Fannar (Lair:2)
  3 hydras
  2 ogre magi (Orc:2)
  A ghost crab (Swamp:2)
  2 two-headed ogres
  A centaur warrior (D:14)
  3 alligators
  An anaconda (Snake:4)
  A death yak (Lair:5)
  4 naga warriors
  2 boulder beetles
  6 naga sharpshooters
  Urug (D:14)
  2 skeletal warriors
  An iron troll (Vaults:2)
  5 salamander mystics
  A goliath frog (Swamp:1)
  The ghost of relicbr the Dealer of Despair, a novice DsNe of Kikubaaqudgha (D:8)
  13 deep trolls
  4 swamp dragons
  2 wizards (Vaults:1)
  3 naga ritualists (Snake:4)
  6 bog bodies
  3 lindwurms (Vaults:1)
  A cyclops (Orc:2)
  A mana viper (Snake:4)
  6 ugly things
  2 will-o-the-wisps
  6 salamanders
  8 elephants
  A black mamba (Lair:4)
  A naga mage (Snake:4)
  7 vault sentinels
  A cane toad (Lair:1)
  2 torpor snails (Lair:5)
  A rime drake (Lair:1)
  A komodo dragon (Lair:1)
  A kobold demonologist (D:11)
  A freezing wraith (IceCv)
  3 trolls (Orc:2)
  A bloated husk (Swamp:3)
  Grinder (D:4)
  7 hornets
  4 dream sheep (Lair:4)
  2 blink frogs (Lair:3)
  8 slime creatures
  2 spriggans
  12 yaks
  2 wyverns
  2 basilisks
  6 humans (D:14)
  A minotaur simulacrum (IceCv)
  A redback (Vaults:1)
  2 vampire mosquitoes (Swamp:4)
  4 nagas
  6 swamp worms
  Duvessa (D:6)
  A hydra simulacrum (IceCv)
  3 orc warriors
  7 water moccasins
  A floating eye (shapeshifter) (Vaults:1)
  2 ice beasts
  4 swamp drakes
  2 black bears
  An alligator simulacrum (IceCv)
  2 wolves
  5 ogres
  2 centaurs
  A phantom (D:4)
  Blork the orc (D:6)
  3 kobold brigands
  2 bullfrogs
  4 scorpions
  A gnoll sergeant (D:12)
  2 troll zombies (D:12)
  An electric eel (D:6)
  2 centaur zombies (Ossuary)
  3 crimson imps (D:12)
  A human zombie (Ossuary)
  A jelly (Lair:5)
  3 hounds
  3 orc priests
  An iguana (D:7)
  5 orc wizards
  3 scorpion zombies (Ossuary)
  2 hell rats (Lair:2)
  A mummy (Ossuary)
  2 adders
  4 gnolls
  A white imp (Lair:4)
  An ufetubus (D:4)
  A dart slug (D:6)
  4 orcs
  A ball python (D:2)
  2 endoplasms
  A kobold (D:5)
  2 goblin zombies
  2 hobgoblin zombies (Ossuary)
  3 orc zombies
  A rat (D:2)
291 creatures vanquished.

Vanquished Creatures (others)
  A salamander tyrant (Snake:3)
  A centaur warrior (Vaults:1)
  A bloated husk (Swamp:3)
  A human (Lair:4)
  A phantom (D:12)
  9 knights
  An ancestor (D:2)
  A bush (Lair:1)
  52 fulminant prisms
  87 fungi
  77 plants
232 creatures vanquished.

Grand Total: 1503 creatures vanquished

Notes
Turn   | Place    | Note
-------+----------+-------------------------------------------
     0 | D:1      | Laraso the Djinni Venom Mage began the quest for the Orb.
     0 | D:1      | Laraso set off with the following spells memorised: Sting,
                  | Poisonous Vapours, Mephitic Cloud, Olgreb's Toxic Radiance.
     0 | D:1      | Reached XP level 1. HP: 15/15 MP: 0/0
    86 | D:1      | Found a faded altar of an unknown god.
    93 | D:1      | Reached XP level 2. HP: 11/21 MP: 0/0
   221 | D:1      | Prayed at the altar of an unknown god.
   221 | D:1      | Became a worshipper of Hepliaklqana the Forgotten
   221 | D:1      | Reached * piety under Hepliaklqana
   669 | D:1      | Reached XP level 3. HP: 22/22 MP: 0/0
   669 | D:1      | Learned a level 1 spell: Shock
   948 | D:2      | Noticed Terence
   963 | D:2      | Killed Terence
   964 | D:2      | Reached XP level 4. HP: 16/27 MP: 0/0
  1344 | D:2      | Reached ** piety under Hepliaklqana
  1349 | D:2      | Remembered your ancestor Jane as a knight
  1515 | D:3      | Reached skill level 1 in Short Blades
  1515 | D:3      | Reached XP level 5. HP: 30/31 MP: 0/0
  1515 | D:3      | Learned a level 2 spell: Searing Ray
  1670 | D:3      | Noticed Jessica
  1683 | D:3      | Killed Jessica
  1767 | D:3      | Found a stormy altar of Qazlal.
  1829 | D:3      | Noticed Natasha
  1838 | D:3      | Killed Natasha
  1839 | D:3      | Reached skill level 1 in Fighting
  1839 | D:3      | Reached skill level 1 in Armour
  1922 | D:3      | Reached XP level 6. HP: 16/37 MP: 0/0
  2132 | D:3      | Found a runed translucent door.
  2133 | D:3      | Noticed Crazy Yiuf
  2331 | D:3      | Noticed Natasha
  2337 | D:3      | Killed Natasha
  2356 | D:3      | Noticed Natasha
  2393 | D:3      | Killed Crazy Yiuf
  2394 | D:3      | Reached skill level 5 in Spellcasting
  2446 | D:3      | Killed Natasha
  2447 | D:3      | Reached XP level 7. HP: 38/42 MP: 0/0
  2447 | D:3      | Learned a level 2 spell: Wereblood
  2531 | D:4      | Found a sand-covered staircase.
  2542 | Ossuary  | Entered an ossuary
  2727 | Ossuary  | Reached XP level 8. HP: 46/46 MP: 0/0
  2854 | Ossuary  | Reached skill level 1 in Staves
  2966 | Ossuary  | Identified the ring "Vuveqa" {EV+5 Str-4 Dex+3}
  3080 | D:4      | Found Dabul's Book Boutique.
  3090 | D:4      | Noticed Grinder
  3097 | D:4      | Killed Grinder
  3271 | D:4      | Reached XP level 9. HP: 52/52 MP: 0/0
  3271 | D:4      | Learned a level 4 spell: Fulminant Prism
  3298 | D:4      | Reached skill level 3 in Dodging
  3566 | D:5      | Entered Level 5 of the Dungeon
  3588 | D:5      | Reached skill level 4 in Dodging
  3628 | D:5      | Noticed Menkaure
  3633 | D:5      | Killed Menkaure
  3634 | D:5      | Reached skill level 5 in Dodging
  3749 | D:5      | Noticed Ijyb
  3749 | D:5      | Paralysed by Ijyb for 4 turns
  3763 | D:5      | Paralysed by Ijyb for 3 turns
  3772 | D:5      | Killed Ijyb
  3785 | D:5      | Reached skill level 6 in Dodging
  4112 | D:5      | Found a glowing golden altar of the Shining One.
  4112 | D:5      | Found a glowing silver altar of Zin.
  4156 | D:5      | Reached skill level 7 in Dodging
  4291 | D:5      | Found a staircase to the Ecumenical Temple.
  4364 | D:5      | Reached XP level 10. HP: 59/60 MP: 0/0
  4566 | D:5      | Found Hahin's General Store.
  4569 | D:5      | Found Zeitzuthu's Specific Store.
  4760 | D:6      | Reached *** piety under Hepliaklqana
  4863 | D:6      | Found a hide-covered altar of Uskayaw.
  4926 | D:6      | Noticed Duvessa
  4926 | D:6      | Noticed Dowan
  4932 | D:6      | Killed Duvessa
  4933 | D:6      | Killed Dowan
  5253 | D:6      | Noticed Blork the orc
  5261 | D:6      | Killed Blork the orc
  6503 | D:8      | Found a bloodstained altar of Trog.
  6546 | D:8      | Reached **** piety under Hepliaklqana
  6625 | D:8      | Found a blossoming altar of Fedhas.
  6642 | D:8      | Reached skill level 10 in Spellcasting
  7104 | D:8      | Found a runed translucent gate.
  7104 | D:8      | Found a runed translucent gate.
  7104 | D:8      | Found a runed translucent gate.
  7104 | D:8      | Noticed relicbr's ghost (novice DsNe)
  7106 | D:8      | Found a basalt altar of Yredelemnul.
  7148 | D:8      | Killed relicbr's ghost
  7149 | D:8      | Reached skill level 5 in Staves
  7149 | D:8      | Reached XP level 11. HP: 66/66 MP: 0/0
  7149 | D:8      | Learned a level 4 spell: Airstrike
  7361 | D:9      | Reached skill level 5 in Fighting
  7593 | D:9      | Noticed a two-headed ogre
  7603 | D:9      | Killed a two-headed ogre
  7951 | D:10     | Entered Level 10 of the Dungeon
  7973 | D:10     | Noticed a two-headed ogre
  7992 | D:10     | Killed a two-headed ogre
  7993 | D:10     | Reached skill level 5 in Stealth
  8236 | D:10     | Noticed a two-headed ogre
  8241 | D:10     | Killed a two-headed ogre
  8242 | D:10     | Reached skill level 1 in Evocations
  8318 | D:10     | Reached ***** piety under Hepliaklqana
  8430 | D:10     | Found a white marble altar of Elyvilon.
  8566 | D:10     | Noticed a two-headed ogre
  8572 | D:10     | Killed a two-headed ogre
  8758 | D:10     | Gained mutation: You passively map a small area around you.
                  | [potion of mutation]
  8759 | D:10     | Lost mutation: You passively map a small area around you.
                  | [potion of mutation]
  8759 | D:10     | Gained mutation: You sometimes lose your temper in combat.
                  | [potion of mutation]
  8759 | D:10     | Lost mutation: You sometimes lose your temper in combat.
                  | [potion of mutation]
  8759 | D:10     | Gained mutation: You have a somewhat thin skeletal
                  | structure. (Dex +2, Stealth+) [potion of mutation]
  8808 | D:11     | Noticed a two-headed ogre
  8818 | D:11     | Killed a two-headed ogre
  8819 | D:11     | Reached XP level 12. HP: 42/72 MP: 0/0
  8949 | D:11     | Reached skill level 5 in Invocations
  9420 | D:11     | Found a staircase to the Lair.
 10304 | Lair:1   | Entered Level 1 of the Lair of Beasts
 10810 | Lair:1   | Noticed a catoblepas
 10823 | Lair:1   | Killed a catoblepas
 11108 | Lair:1   | Reached XP level 13. HP: 69/76 MP: 0/0
 11108 | Lair:1   | Learned a level 5 spell: Agony
 11836 | Lair:2   | Noticed Fannar
 11848 | Lair:2   | Killed Fannar
 12061 | Lair:2   | Noticed a seven-headed hydra
 12071 | Lair:2   | Killed a seven-headed hydra
 13161 | Lair:3   | Found a staircase to the Swamp.
 13161 | Lair:3   | Noticed a seven-headed hydra
 13172 | Lair:3   | Killed a seven-headed hydra
 13454 | Lair:3   | Found a staircase to the Snake Pit.
 14085 | Lair:4   | Noticed an ice dragon
 14106 | Lair:3   | Reached XP level 14. HP: 37/82 MP: 0/0
 14490 | Lair:4   | Found the +0 staff of Battle
 14510 | Lair:4   | Identified the +6 battleaxe "Weceo" {drain, rF+}
 14683 | Lair:4   | Found a shadowy altar of Dithmenos.
 14894 | Lair:4   | Noticed Kirke
 14902 | Lair:4   | Killed Kirke
 15243 | Lair:5   | Entered Level 5 of the Lair of Beasts
 15344 | Lair:5   | Reached skill level 10 in Staves
 15764 | Lair:5   | Reached XP level 15. HP: 67/86 MP: 0/0
 15764 | Lair:5   | Learned a level 6 spell: Starburst
 15824 | Lair:5   | Found a staircase to the Slime Pits.
 15825 | Lair:5   | Reached ****** piety under Hepliaklqana
 15852 | Lair:5   | Found a viscous altar of Jiyva.
 16073 | Lair:5   | Found a runed translucent door.
 16992 | D:12     | Found a staircase to the Orcish Mines.
 16992 | D:12     | Noticed Nessos
 16995 | D:12     | Killed Nessos
 17563 | D:13     | Noticed Sonja
 17565 | D:13     | Killed Sonja
 17609 | Orc:1    | Entered Level 1 of the Orcish Mines
 17904 | Orc:1    | Found a large runed translucent door.
 17904 | Orc:1    | Found a large runed translucent door.
 17907 | Orc:1    | Noticed Cezoat's ghost (journeyman OpVM)
 18024 | Orc:1    | Killed Cezoat's ghost
 18058 | Orc:2    | Entered Level 2 of the Orcish Mines
 18060 | Orc:2    | Found Wuwnetz's Weapon Emporium.
 18067 | Orc:2    | Found a staircase to the Elven Halls.
 18196 | Orc:2    | Found Mynuss's Jewellery Shoppe.
 18210 | Orc:2    | Found Jezapt's General Store.
 18381 | Orc:2    | Found Festryl's Distillery.
 18407 | Orc:2    | Found Wutsado's Magic Scroll Shop.
 18449 | Orc:2    | Reached skill level 8 in Dodging
 18451 | Orc:2    | Reached XP level 16. HP: 59/94 MP: 0/0
 18459 | Orc:2    | Found Bures's Weapon Shop.
 18466 | Orc:2    | Found Memuxeol's Armour Shoppe.
 18469 | Orc:2    | Bought a scroll of enchant weapon for 90 gold pieces
 18469 | Orc:2    | Bought a scroll of enchant weapon for 90 gold pieces
 18570 | Orc:2    | Found Getsobb's General Store.
 18579 | Orc:2    | Bought a scroll of identify for 28 gold pieces
 18695 | Orc:2    | Bought a potion of curing for 30 gold pieces
 18695 | Orc:2    | Bought a potion of curing for 30 gold pieces
 18695 | Orc:2    | Bought a potion of mutation for 80 gold pieces
 19177 | Orc:2    | Bought a scroll of enchant armour for 90 gold pieces
 19327 | D:13     | Reached skill level 9 in Dodging
 19350 | D:13     | You are sucked into a shaft and drop 2 floors!
 19350 | D:15     | Entered Level 15 of the Dungeon
 19487 | D:14     | Found a gate to the Vaults.
 19489 | D:14     | Noticed Rupert
 19501 | D:14     | Killed Rupert
 19504 | D:14     | Noticed Urug
 19508 | D:14     | Reached skill level 10 in Dodging
 19514 | D:14     | Killed Urug
 19528 | D:14     | Identified the +2 pair of boots of Fedhas's Respect {Harm}
 20576 | D:15     | Reached skill level 11 in Dodging
 21381 | D:15     | Found a staircase to the Depths.
 21764 | D:15     | Found a broken altar of Ashenzari.
 22049 | Snake:1  | Entered Level 1 of the Snake Pit
 22057 | Snake:1  | Reached skill level 12 in Dodging
 22059 | Snake:1  | Reached XP level 17. HP: 95/101 MP: 0/0
 22059 | Snake:1  | Learned a level 6 spell: Dispersal
 22075 | Snake:1  | Noticed Aizul
 22081 | Snake:1  | Killed Aizul
 22114 | Snake:1  | Identified a scroll of acquirement
 22129 | Snake:1  | Acquired 1097 gold pieces
 22203 | Snake:1  | Found a frozen archway.
 22281 | IceCv    | Entered an ice cave
 22463 | IceCv    | Identified the +1 hat "Ifacitho" {Fly rElec rPois Str-3
                  | Int+4}
 22574 | IceCv    | Noticed an Ice Fiend
 22689 | IceCv    | Killed an Ice Fiend
 22974 | Snake:1  | Reached skill level 10 in Invocations
 23070 | Snake:1  | Noticed Agnes
 23076 | Snake:1  | Killed Agnes
 24852 | Snake:2  | Reached XP level 18. HP: 86/108 MP: 0/0
 24930 | Snake:3  | Found a glowing silver altar of Zin.
 25328 | Snake:3  | Reached skill level 5 in Evocations
 25991 | Snake:4  | Entered Level 4 of the Snake Pit
 25992 | Snake:4  | Noticed Donald
 25997 | Snake:4  | Killed Donald
 26737 | Snake:4  | Noticed Vashnia
 26756 | Snake:4  | Killed Vashnia
 26759 | Snake:4  | Reached skill level 10 in Fighting
 27003 | Snake:4  | Noticed Mara
 27072 | Snake:4  | Killed Mara
 27252 | Snake:4  | Reached skill level 10 in Stealth
 27311 | Snake:4  | Reached skill level 5 in Armour
 27313 | Snake:4  | Reached XP level 19. HP: 65/117 MP: 0/0
 27313 | Snake:4  | Learned a level 7 spell: Spellforged Servitor
 27608 | Snake:4  | Got a serpentine rune of Zot
 27698 | Snake:4  | Reached skill level 13 in Dodging
 27724 | Snake:4  | Reached skill level 1 in Shields
 28152 | Swamp:1  | Entered Level 1 of the Swamp
 28211 | Swamp:1  | Acquired a manual of Dodging
 28738 | Swamp:2  | Reached skill level 5 in Shields
 29536 | Swamp:3  | Noticed a tentacled monstrosity
 29541 | Swamp:3  | Killed a tentacled monstrosity
 30119 | Swamp:4  | Entered Level 4 of the Swamp
 30177 | Swamp:4  | Reached XP level 20. HP: 90/122 MP: 0/0
 30184 | Swamp:4  | Reached skill level 10 in Shields
 30190 | Swamp:4  | Noticed the 27-headed Lernaean hydra
 30208 | Swamp:4  | Killed the 27-headed Lernaean hydra
 30235 | Swamp:4  | Got a decaying rune of Zot
 30388 | Swamp:4  | Noticed a tentacled monstrosity
 30391 | Swamp:4  | Killed a tentacled monstrosity
 30805 | Vaults:1 | Entered Level 1 of the Vaults
 32105 | Vaults:2 | Found a staircase to the Crypt.
 32117 | Vaults:2 | Reached XP level 21. HP: 121/126 MP: 0/0
 32117 | Vaults:2 | Learned a level 8 spell: Lehudib's Crystal Spear
 32242 | Vaults:2 | Reached skill level 15 in Shields
 32419 | Vaults:2 | Reached skill level 14 in Dodging
 32598 | Vaults:2 | Reached skill level 15 in Dodging
 32801 | Vaults:2 | Acquired a +6 lajatang of speed
 32956 | Vaults:3 | Noticed Nikola
 32964 | Vaults:3 | Killed Nikola
 33219 | Vaults:3 | Noticed Boris
 33224 | Vaults:3 | Killed Boris
 33225 | Vaults:3 | Reached skill level 16 in Dodging
 33395 | Vaults:3 | You are sucked into a shaft and drop 1 floor!
 33410 | Vaults:4 | Killed from afar by a crystal guardian

Illustrated notes

Levels and vault maps discovered:
D:1:      heliophobic_arrival_henge, layout_loops_ring,
          ebering_ecumenical_altar_webs, minmay_misc_feat_ornament,
          corexii_corridor_pit, hangedman_decor_points
D:2:      layout_rooms, minmay_misc_feat_iff, uniq_terence
D:3:      layout_loops_ring, lemuel_tele_altar, uniq_jessica,
          uniq_crazy_yiuf_cottage, uniq_natasha
D:4:      layout_basic, enter_ossuary_1, serial_shops, shop, grunt_tough_drop,
          uniq_grinder
D:5:      cheibrodos_thug_alley, layout_loops_ring,
          amethyst_overflow_temple_binary, minmay_temple_entry_overgrown,
          nicolae_specific_store, uniq_menkaure, uniq_ijyb
D:6:      kennysheep_slugbush, layout_loops_cross, kennysheep_mini_moat,
          uniq_duvessa, uniq_blork_the_orc
D:7:      layout_basic, serial_bayou_crossing
D:8:      layout_basic, mainiacjoe_overflow_catwalk, amcnicky_altar_gilded,
          nicolae_yredelemnul_ghost_church, serial_bayou, serial_bayou_ford_a,
          serial_bayou_pond_a, serial_bayou_lagoon_a, serial_bayou_pond_a,
          serial_bayou_shore_b, kennysheep_doodads, minmay_misc_feat_nine_boxes
D:9:      layout_basic, minmay_misc_feat_chi
D:10:     layout_cave_pools, nicolae_elyvilon_peaceful_grove, minivault_22
D:11:     layout_stronghold, due_lair_maze_entry_diamond,
          amcnicky_mini_pool_small
D:12:     layout_irregular_city, zombieorc1_lemuel, minmay_nine_imps,
          uniq_nessos
D:13:     layout_loops_corners, uniq_sonja
D:14:     layout_layer_cave, david_vaults_3, kiku_gazebo_pond_becter
D:15:     gammafunk_enter_depths_forms, layout_basic, ashenzari_altar_1,
          minmay_misc_feat_rugged
Lair:1:   layout_chaotic_city, infiniplex_staircase_pool_2
Lair:2:   layout_misc_corridors, enter_volcano_4,
          chequers_serial_rivers_small_b, beast_lair_carwin_11, uniq_fannar
Lair:3:   layout_regular_city, minmay_swamp_entry_reptiles,
          minmay_snake_entry_six_corridors, dreamdust_wasp_nest
Lair:4:   layout_roguey, basic_altar, ice2_lemuel, uniq_kirke
Lair:5:   wormcave, layout_gridlike, nicolae_slime_entry_field_trip
Swamp:1:  layout_falls_marsh, nicolae_swamp_treefoil
Swamp:2:  layout_basic_swamp, evilmike_swamp_ruin_house_5
Swamp:3:  layout_falls_marsh, hangedman_swamp_ruin_wall,
          nicolae_swamp_very_dense_foliage
Swamp:4:  grunt_swamp_rune_castle, layout_basic_swamp, swamp_pool3
Snake:1:  layout_chambers, portal_ice_cave_entry_pillars_four,
          grunt_megastairs_5, uniq_aizul, uniq_agnes
Snake:2:  layout_basic, nicolae_snake_gridmaze_squiggle, grunt_megastairs_1
Snake:3:  layout_onion_interference, basic_altar
Snake:4:  snake_pit, layout_chambers, uniq_mara, uniq_donald, uniq_vashnia
Orc:1:    layout_caves, ebering_ghost_disaster_area, basic_altar
Orc:2:    st_orc_open, layout_diamond_mine, serial_shops, shop_statue, shop,
          shop, nicolae_diamond_shop
Vaults:1: nicolae_vaults_ninety_degrees, ontoclasm_vaults_ring_square,
          nicolae_vaults_halls_meeting, v_misc_2, vaults_mumra_chevron,
          v_rooms_5, v_pattern_3, v_misc_8, vaults_room_grid,
          vaults_room_grunt_arrival_ludios, grunt_vaults_twisty,
          nicolae_vaults_little_squares_4, ontoclasm_vaults_ring_small,
          layout_vaults_omnibox
Vaults:2: minmay_crypt_entry_simple_statues, ontoclasm_vaults_decontamination,
          nicolae_vaults_shelves_hall, hangedman_vaults_trim,
          vaults_standard_mumra_enter_the_diamond, v_misc_23,
          nicolae_vaults_ring_of_whatevers, st_cross, v_rooms_2,
          hangedman_vaults_cutoff, grunt_vaults_bifocal,
          layout_vaults_maze_snakey
Vaults:3: hangedman_vaults_stagger, vaults_room_stairs_pillars, v_misc_29,
          nicolae_vaults_circle_grid_a, nicolae_vaults_little_ls,
          hangedman_vaults_slice, hangedman_vaults_pinch,
          nicolae_vaults_little_squares_1, layout_vaults_omnigrid, serial_shops,
          nicolae_shop_bloodbath_and_beyond, uniq_nikola, uniq_boris,
          uniq_bai_suzhen
Vaults:4: v_pattern_4, v_misc_33, hangedman_vaults_corner, v_misc_30,
          hangedman_vaults_capsules, vaults_room_semicircle,
          nicolae_vaults_network_square, minmay_guarded_unrand_guard_vaults,
          nicolae_vaults_diagonal_hallway_8, layout_vaults_big_cross,
          nicolae_trove_entry_crystal

Skill      XL: |  1  2  3  4  5  6  7  8  9 10 11 12 13 14 15 16 17 18 19 20 21 |
---------------+----------------------------------------------------------------+-----
Spellcasting   | 3 4 5 6 7 10 11 14 | 14.8
Short Blades   | 1 2 |  2.0
Fighting       | 1 2 3 4 5 6 8 10 | 10.0
Armour         | 1 3 5 6 |  6.0
Staves         | 4 5 11 14 | 14.0
Dodging        | 7 8 12 13 16 | 16.3
Stealth        | 5 7 8 10 | 10.0
Invocations    | 4 7 13 | 13.0
Evocations     | 4 7 |  7.0
Shields        | 9 14 15 | 15.0

Action                     |  1- 3 |  4- 6 |  7- 9 | 10-12 | 13-15 | 16-18 | 19-21 || total
---------------------------+-------+-------+-------+-------+-------+-------+-------++-------
  Melee: Unarmed           |     1 |       |       |       |       |       |       ||     1
         Short sword       |       |    29 |       |       |       |       |       ||    29
         Quarterstaff      |       |     1 |   151 |   176 |    45 |       |       ||   373
         Lajatang          |       |       |       |       |   120 |     6 |    20 ||   146
         Staff             |       |       |       |       |   171 |    34 |    23 ||   228
         Punch             |       |       |       |       |     6 |     4 |       ||    10
   Cast: Sting             |    47 |    44 |     1 |       |       |       |       ||    92
         Shock             |     5 |       |     6 |       |     1 |     2 |       ||    14
         Poisonous Vapours |       |     4 |     1 |       |     1 |       |       ||     6
         Olgreb's Toxic Ra |       |     6 |    13 |    57 |    62 |    18 |     5 ||   161
         Searing Ray       |       |     2 |    12 |     6 |    48 |    17 |     3 ||    88
         Wereblood         |       |       |     1 |     5 |     3 |     5 |       ||    14
         Mephitic Cloud    |       |       |     1 |    20 |    16 |    17 |     6 ||    60
         Airstrike         |       |       |       |    40 |    48 |    34 |    25 ||   147
         Fulminant Prism   |       |       |       |    11 |    30 |    11 |       ||    52
         Agony             |       |       |       |       |     4 |       |       ||     4
         Starburst         |       |       |       |       |    19 |   271 |   262 ||   552
         Spellforged Servi |       |       |       |       |       |       |    43 ||    43
 Invoke: Recall Ancestor   |     1 |     1 |       |     2 |     6 |     3 |     3 ||    16
         Ancestor Identity |     1 |       |       |       |       |       |       ||     1
         Ancestor Life: Kn |       |     1 |       |       |       |       |       ||     1
         Transference      |       |       |       |     1 |     2 |     1 |       ||     4
         Idealise          |       |       |       |       |     1 |     3 |       ||     4
    Use: Scroll            |     5 |       |    14 |     7 |    12 |    12 |     8 ||    58
         Potion            |       |       |       |     2 |     2 |       |       ||     4
   Stab: Sleeping          |       |     1 |     3 |     2 |     7 |     1 |     1 ||    15
         Confused          |       |       |       |     6 |     4 |     2 |     1 ||    13
         Distracted        |       |       |       |     1 |     3 |       |       ||     4
 Armour: Robe              |     6 |    17 |    64 |    38 |       |       |       ||   125
         Acid dragon scale |       |       |       |    15 |   200 |    16 |       ||   231
         Troll leather arm |       |       |       |       |       |    31 |    45 ||    76
  Dodge: Dodged            |    20 |    35 |   113 |   203 |   399 |   164 |   129 ||  1063
         Repelled          |       |       |       |       |       |    14 |    15 ||    29
  Block: Kite shield       |       |       |       |       |       |       |   100 ||   100
         Reflection        |       |       |       |       |       |       |     3 ||     3

Table legend: (Time is in decaauts)
 A = Elapsed time spent in this place.
 B = Non-inter-level travel time spent in this place.
 C = Inter-level travel time spent in this place.
 D = Time resting spent in this place.
 E = Time spent auto-exploring this place.
 F = Levels seen in this place.
 G = Mean time per level.
                   A        B        C        D        E       F      G
               +--------+--------+--------+--------+--------+-----+--------+
         Total |  33441 |  30913 |   2528 |   3081 |  20230 |  36 |  928.9 |
       Dungeon |  14492 |  13261 |   1231 |   1262 |   9460 |  15 |  966.1 |
          Lair |   6488 |   5936 |    552 |   1212 |   3254 |   5 | 1297.6 |
         Swamp |   2366 |   2165 |    201 |     71 |   1398 |   4 |  591.5 |
     Snake Pit |   5224 |   4840 |    384 |    161 |   3390 |   4 | 1306.0 |
  Orcish Mines |   1174 |   1056 |    118 |      0 |    789 |   2 |  587.0 |
        Vaults |   2596 |   2556 |     40 |    138 |   1756 |   4 |  649.0 |
       Ossuary |    545 |    545 |      0 |    120 |    183 |   1 |  545.0 |
      Ice Cave |    554 |    554 |      0 |    117 |      0 |   1 |  554.0 |
               +--------+--------+--------+--------+--------+-----+--------+

Top non-repeatable levels by time:
  Lair:1: 2020 daAuts
    D:11: 1861 daAuts
 Snake:4: 1586 daAuts
  Lair:3: 1360 daAuts
 Snake:1: 1334 daAuts
  Lair:5: 1314 daAuts
 Snake:3: 1198 daAuts
     D:5: 1194 daAuts
    D:12: 1184 daAuts
Vaults:1: 1140 daAuts
    D:13: 1136 daAuts
 Snake:2: 1105 daAuts
    D:14: 1092 daAuts
  Lair:4: 1046 daAuts
     D:3: 1005 daAuts
